Map: Abyssal Reef LE

Players

MaNa - Winner!

  • Race: Protoss Protoss
  • Spawn Location: 5:00

Caliber

  • Race: Protoss Protoss
  • Spawn Location: 11:00

Event: WCS Austin 2017

VOD

Have the link to the VOD?

Description

Time

  • Played on: April 28, 2017, 2:54 p.m.
  • Length: 6:25

All games in this series

Show
View Real Time Build Order
Export as new Build Order

MaNa Protoss - Winner!

Build Orders:  

Get SALT Encoding   

  12  0:00  Probe (Chrono Boost)  
  13  0:11  Probe (Chrono Boost)  
  14  0:18  Pylon  
  14  0:22  Probe (Chrono Boost)  
  15  0:37  Probe (Chrono Boost), Gateway  
  15  0:41  Assimilator  
  16  0:48  Assimilator  
  16  0:55  Probe (Chrono Boost)  
  17  1:05  Probe (Chrono Boost)  
  18  1:13  Gateway  
  18  1:16  Probe (Chrono Boost)  
  19  1:25  Cybernetics Core  
  19  1:26  Probe (Chrono Boost)  
  20  1:37  Probe (Chrono Boost), Pylon  
  21  1:47  Probe (Chrono Boost)  
  21  1:52  Warp Gate  
  22  1:58  Probe (Chrono Boost)  
  23  2:03  Stalker  
  23  2:04  Stalker  
  27  2:09  Probe (Chrono Boost)  
  28  2:17  Pylon  
  28  2:21  Probe (Chrono Boost)  
  29  2:34  Stalker x2  
  33  2:50  Mothership Core (Chrono Boost)  
  35  3:05  Stalker x2  
  39  3:20  Pylon  
  39  3:34  Nexus  
  39  3:44  Probe (Chrono Boost)  
  40  3:48  Robotics Facility  
  40  3:54  Probe (Chrono Boost)  
  41  3:57  Sentry x2  
  45  4:05  Probe (Chrono Boost)  
  45  4:07  Pylon  
  46  4:15  Probe (Chrono Boost)  
  47  4:26  Probe (Chrono Boost)  
  47  4:27  Twilight Council  
  48  4:33  Observer  
  50  4:38  Probe (Chrono Boost)  
  50  4:47  Probe (Chrono Boost)  
  50  4:50  Probe (Chrono Boost), Immortal  
  52  4:57  Probe (Chrono Boost)  
  57  5:02  Probe (Chrono Boost)  
  58  5:08  Probe (Chrono Boost)  
  60  5:14  Probe (Chrono Boost)  
  60  5:18  Probe (Chrono Boost)  
  61  5:25  Immortal, Pylon  
  61  5:27  Probe (Chrono Boost)  
  62  5:29  Probe (Chrono Boost)  
  67  5:39  Probe (Chrono Boost)  
  67  5:40  Stalker  
  66  5:48  Stalker  
  66  5:51  Gateway  
  66  5:52  Gateway  
  66  5:57  Pylon  
  70  6:04  Zealot  
Show
View Real Time Build Order
Export as new Build Order

Caliber Protoss 

Build Orders: Blink Stalkers 

Get SALT Encoding   

  12  0:00  Probe (Chrono Boost)  
  13  0:11  Probe (Chrono Boost)  
  14  0:18  Pylon  
  14  0:22  Probe (Chrono Boost)  
  15  0:36  Probe (Chrono Boost)  
  16  0:47  Probe (Chrono Boost)  
  17  0:50  Pylon  
  17  0:57  Probe (Chrono Boost)  
  17  0:59  Gateway  
  18  1:08  Probe (Chrono Boost)  
  18  1:10  Assimilator  
  19  1:12  Assimilator  
  19  1:18  Probe (Chrono Boost)  
  19  1:24  Gateway  
  20  1:29  Probe (Chrono Boost)  
  21  1:39  Probe (Chrono Boost), Pylon  
  22  1:45  Cybernetics Core  
  22  1:50  Probe (Chrono Boost)  
  23  2:01  Probe (Chrono Boost)  
  24  2:11  Probe (Chrono Boost)  
  25  2:18  Stalker  
  25  2:22  Stalker  
  29  2:23  Warp Gate  
  29  2:25  Pylon  
  29  2:29  Mothership Core (Chrono Boost)  
  31  2:43  Twilight Council  
  31  2:49  Stalker  
  31  2:54  Pylon  
  33  3:06  Blink  
  32  3:28  Stalker  
  32  3:32  Nexus  
  34  3:40  Stalker  
  36  3:52  Gateway  
  36  4:01  Gateway  
  36  4:15  Pylon  
  36  4:31  Stalker x2  
  36  4:33  Gateway  
  41  4:46  Probe (Chrono Boost)  
  41  4:47  Probe (Chrono Boost)  
  42  4:55  Stalker x2  
  46  5:05  Stalker  
  48  5:09  Stalker  
  50  5:22  Stalker  
  50  5:23  Stalker  
  54  5:30  Stalker  
  45  5:50  Stalker x2  
  45  5:56  Stalker  
  51  5:58  Stalker  
Tags
 
Add a new tag
Caveats
  • Supply blocks, unpowered buildings, or Contaminate may cause inaccurate times.
  • Supply counts are checked every 10 seconds.